Map: Whirlwind LE (Void)

Players

sOs

  • Race: Protoss Protoss
  • League: Master
  • Spawn Location: 7:00

Nerchio - Winner!

  • Race: Zerg Zerg
  • League: Grandmaster
  • Spawn Location: 11:00

Event: NationWars IV

VOD

Have the link to the VOD?

Description

Time

  • Played on: Jan. 21, 2017, 6:03 p.m.
  • Length: 9:53
Show
View Real Time Build Order
Export as new Build Order

sOs Protoss 

Build Orders: 1 Gate Expand, Oracle Opening, Phoenix Opening 

Get SALT Encoding   

  12  0:00  Probe (Chrono Boost)  
  13  0:11  Probe (Chrono Boost)  
  14  0:20  Pylon  
  14  0:22  Probe (Chrono Boost)  
  15  0:38  Probe (Chrono Boost)  
  15  0:41  Gateway  
  16  0:48  Probe (Chrono Boost)  
  17  0:51  Assimilator  
  17  0:59  Probe (Chrono Boost)  
  18  1:09  Probe (Chrono Boost)  
  19  1:22  Nexus  
  19  1:25  Probe (Chrono Boost)  
  20  1:35  Cybernetics Core  
  20  1:39  Probe (Chrono Boost)  
  21  1:46  Assimilator  
  21  1:50  Probe (Chrono Boost)  
  22  1:54  Pylon  
  22  2:00  Probe (Chrono Boost)  
  23  2:09  Adept  
  23  2:14  Probe (Chrono Boost)  
  26  2:23  Stargate  
  26  2:26  Probe (Chrono Boost)  
  27  2:32  Warp Gate  
  27  2:34  Probe (Chrono Boost)  
  27  2:36  Probe (Chrono Boost)  
  29  2:37  Adept  
  31  2:44  Probe (Chrono Boost)  
  31  2:47  Probe (Chrono Boost)  
  33  2:55  Probe (Chrono Boost)  
  34  2:59  Probe (Chrono Boost)  
  34  3:01  Oracle  
  36  3:05  Probe (Chrono Boost)  
  39  3:14  Gateway  
  39  3:16  Probe (Chrono Boost)  
  39  3:19  Probe (Chrono Boost), Gateway  
  41  3:23  Pylon  
  43  3:27  Adept  
  43  3:30  Mothership Core (Chrono Boost)  
  43  3:33  Probe (Chrono Boost)  
  46  3:42  Phoenix  
  46  3:45  Probe (Chrono Boost)  
  46  3:48  Pylon  
  49  3:52  Probe (Chrono Boost)  
  52  4:02  Probe (Chrono Boost)  
  52  4:03  Probe (Chrono Boost)  
  52  4:16  Probe (Chrono Boost)  
  54  4:18  Probe (Chrono Boost)  
  54  4:27  Nexus, Twilight Council  
  54  4:28  Pylon  
  54  4:33  Probe (Chrono Boost)  
  54  4:34  Probe (Chrono Boost)  
  56  4:39  Adept x3  
  56  4:42  Assimilator  
  56  4:43  Assimilator  
  62  4:48  Probe (Chrono Boost)  
  62  4:50  Probe (Chrono Boost)  
  64  4:53  Pylon  
  64  5:01  Adept  
  64  5:02  Adept  
  64  5:03  Adept  
  67  5:08  Probe (Chrono Boost)  
  65  5:17  Pylon  
  65  5:18  Pylon  
  65  5:26  Pylon  
  64  5:31  Pylon  
  64  5:34  Probe (Chrono Boost)  
  64  5:35  Probe (Chrono Boost)  
  49  5:43  Pylon  
  49  5:44  Adept x2  
  49  5:46  Probe (Chrono Boost)  
  49  5:48  Probe (Chrono Boost)  
  49  5:49  Probe (Chrono Boost)  
  56  5:53  Dark Shrine  
  51  5:58  Probe (Chrono Boost)  
  51  6:02  Adept, Resonating Glaives  
  54  6:04  Probe x2 (Chrono Boost)  
  54  6:07  Adept x2  
  54  6:10  Probe (Chrono Boost)  
  59  6:17  Pylon  
  59  6:19  Probe (Chrono Boost)  
  59  6:29  Probe (Chrono Boost)  
  59  6:30  Sentry  
  59  6:31  Probe (Chrono Boost)  
  63  6:37  Adept, Sentry  
  59  6:49  Probe x2 (Chrono Boost)  
  57  6:54  Pylon  
  57  6:56  Sentry  
  53  7:05  Probe (Chrono Boost)  
  53  7:06  Adept x2  
  59  7:16  Probe (Chrono Boost)  
  59  7:17  Probe (Chrono Boost)  
  54  7:28  Probe x2 (Chrono Boost)  
  53  7:41  Probe x2 (Chrono Boost)  
  55  7:44  Adept  
  55  7:45  Adept x2  
  61  7:51  Probe x2 (Chrono Boost)  
  63  8:05  Nexus  
  63  8:07  Adept, Pylon  
  63  8:08  Adept  
  63  8:12  Adept  
  69  8:16  Pylon  
  69  8:24  Robotics Facility  
  69  8:26  Probe x2 (Chrono Boost)  
  65  8:42  Probe x2 (Chrono Boost), Sentry  
  65  8:43  Sentry x2  
  65  8:46  Pylon, Oracle  
  76  9:08  Immortal  
  76  9:12  Adept x3  
  86  9:29  Gateway  
  86  9:30  Gateway  
  83  9:32  Gateway  
  77  9:39  Adept x3  
Show
View Real Time Build Order
Export as new Build Order

Nerchio Zerg - Winner!

Build Orders: Hatch First 

Get SALT Encoding   

  12  0:00  Drone  
  13  0:12  Overlord  
  13  0:17  Drone  
  14  0:30  Drone x2  
  14  0:34  Drone  
  17  0:53  Hatchery  
  17  0:55  Drone  
  17  0:58  Drone  
  18  1:05  Extractor  
  17  1:14  Spawning Pool  
  16  1:19  Drone  
  16  1:21  Drone  
  18  1:27  Drone  
  19  1:38  Overlord  
  19  1:49  Drone  
  20  2:01  Zergling x2, Queen  
  20  2:05  Queen  
  20  2:07  Metabolic Boost  
  25  2:10  Zergling x2  
  25  2:14  Drone  
  27  2:17  Drone  
  27  2:21  Drone  
  29  2:27  Drone  
  30  2:33  Drone  
  31  2:41  Hatchery  
  31  2:44  Drone  
  31  2:48  Drone x2  
  33  2:53  Overlord  
  33  3:03  Queen  
  35  3:06  Drone  
  35  3:12  Drone x5  
  41  3:14  Drone  
  42  3:20  Spore Crawler  
  42  3:23  Drone x2  
  42  3:25  Overlord  
  43  3:27  Drone  
  43  3:31  Evolution Chamber  
  43  3:33  Drone  
  44  3:42  Overlord  
  44  3:43  Queen  
  44  3:46  Baneling Nest  
  44  3:48  Drone x2  
  46  3:52  Drone x2  
  46  3:53  Drone  
  46  3:55  Drone  
  51  3:57  Drone  
  52  4:03  Zerg Melee Weapons Level 1  
  51  4:10  Spore Crawler  
  51  4:11  Zergling x2  
  51  4:12  Zergling x6  
  51  4:17  Spore Crawler  
  53  4:19  Zergling x2  
  53  4:22  Zergling x10  
  58  4:26  Overlord  
  58  4:28  Queen  
  60  4:31  Overlord  
  60  4:36  Overlord  
  60  4:37  Extractor  
  59  4:39  Overlord  
  59  4:42  Pneumatized Carapace  
  59  4:49  Overlord  
  59  4:50  Drone  
  59  4:51  Drone x3  
  63  4:56  Zergling x8  
  63  4:58  Zergling x2  
  63  4:59  Zergling x2  
  68  5:09  Zergling x4  
  68  5:10  Zergling x2  
  68  5:11  Baneling x2  
  69  5:19  Zergling x6  
  71  5:22  Zergling x6  
  71  5:23  Zergling x4  
  72  5:32  Zergling x4  
  68  5:38  Zergling x2  
  68  5:42  Zergling x4  
  68  5:44  Zergling x2  
  68  5:46  Queen  
  68  5:49  Lair  
  70  5:51  Zergling x4  
  70  5:52  Zergling x2  
  70  5:53  Zergling x2  
  70  5:57  Zergling x2  
  74  6:01  Drone  
  75  6:05  Hatchery, Baneling x4  
  75  6:06  Drone x2  
  75  6:09  Extractor  
  75  6:11  Extractor, Roach Warren, Drone  
  75  6:13  Drone  
  75  6:14  Drone  
  75  6:15  Drone x4  
  75  6:16  Drone  
  75  6:18  Drone  
  81  6:22  Drone  
  81  6:24  Drone  
  83  6:25  Baneling x2  
  83  6:26  Baneling  
  83  6:29  Drone  
  80  6:40  Zergling x2  
  80  6:41  Zergling x4  
  80  6:42  Queen x2  
  81  6:49  Drone  
  81  6:50  Drone x3  
  81  6:51  Drone x3  
  87  7:02  Drone x2  
  87  7:03  Drone  
  87  7:06  Centrifical Hooks, Zerg Melee Weapons Level 2  
  87  7:07  Drone  
  87  7:09  Extractor  
  87  7:10  Zergling x2  
  87  7:12  Zergling x8  
  87  7:15  Zergling x2  
  90  7:19  Zergling x2  
  90  7:20  Zergling x4  
  90  7:21  Zergling x2  
  90  7:26  Extractor, Overlord, Hydralisk Den  
  90  7:29  Overlord, Overseer  
  87  7:32  Zergling x2  
  87  7:33  Zergling x2  
  87  7:35  Roach x2  
  87  7:36  Roach, Overlord  
  95  7:39  Overlord  
  95  7:40  Overlord  
  95  7:41  Overlord  
  95  7:42  Overlord  
  95  7:43  Overlord  
  95  7:49  Roach  
  95  7:50  Roach  
  99  7:52  Glial Reconstitution  
  99  7:53  Overlord  
  99  8:00  Roach x2  
  99  8:04  Overseer  
  103  8:11  Roach x8  
  119  8:13  Roach  
  120  8:24  Drone x6  
  120  8:27  Muscular Augments, Drone  
  116  8:28  Drone  
  116  8:32  Spine Crawler  
  117  8:37  Hydralisk  
  117  8:38  Hydralisk x3  
  125  8:42  Hydralisk  
  125  8:45  Hydralisk  
  129  8:50  Hydralisk x2  
  129  8:52  Spore Crawler  
  129  8:54  Hydralisk  
  134  8:57  Hydralisk  
  134  9:00  Zergling x6  
  137  9:03  Zergling x6  
  137  9:04  Zergling x2  
  139  9:11  Ravager x4  
  139  9:12  Zergling x6  
  139  9:13  Zergling x6  
  139  9:14  Zergling x2  
  139  9:15  Zergling x2  
  149  9:18  Hydralisk  
  149  9:19  Hydralisk  
  149  9:20  Zergling x2  
  151  9:24  Zergling x6  
  151  9:25  Zergling x2  
  151  9:26  Hydralisk  
  152  9:32  Zergling x2  
  152  9:34  Zergling x2  
Tags
 
Add a new tag
Caveats
  • Supply blocks, unpowered buildings, or Contaminate may cause inaccurate times.
  • Supply counts are checked every 10 seconds.